 Dungeon Crawl Stone Soup version 0.27.1-1-g398f81649c (webtiles) character file.

Game seed: 3074468621886107662

3143 loralnil the Insei (level 9, -1/45 HPs)
             Began as a Vine Stalker Transmuter on Sept 14, 2021.
             Was a Believer of Okawaru.
             Slain by an orc warrior (9 damage)
             ... on level 8 of the Dungeon.
             The game lasted 00:14:10 (7287 turns).

loralnil the Insei (Vine Stalker Transmuter)        Turns: 7287, Time: 00:14:11

Health: -1/45      AC: -6    Str: 14    XL:     9   Next: 93%
Magic:  0/16       EV: 23    Int: 13    God:    Okawaru [**....]
Gold:   340        SH:  0    Dex: 22    Spells: 6/16 levels left

rFire    . . .     SeeInvis .     - Unarmed
rCold    . . .     Faith    .   (shield currently unavailable)
rNeg     . . .     Spirit   +   (armour currently unavailable)
rPois    x         Reflect  .   (helmet currently unavailable)
rElec    .         Harm     .   (cloak currently unavailable)
rCorr    .         Rampage  .   (gloves currently unavailable)
Will     +....                  (boots currently unavailable)
Stlth    ++........             m - amulet of regeneration
HPRegen  2.15/turn              (no ring)
MPRegen  0.15/turn              (no ring)

@: spider-form (expiring), corroded
A: venomous fangs, tiny, (fangs 3), regeneration 1, magic shield, (antimagic
bite), no potion heal 2
a: End Transformation, Renounce Religion, Heroism


You were on level 8 of the Dungeon.
You worshipped Okawaru.
Okawaru was pleased with you.
You were a venomous arachnid creature.
You visited 2 branches of the dungeon, and saw 9 of its levels.
You also visited: Ossuary.

You collected 340 gold pieces.

Inventory:

Armour
 a - a +0 pair of boots (melded)
 c - a +1 cloak of willpower (melded)
 l - a +3 leather armour of cold resistance (melded)
 n - a +0 buckler
 t - a +0 pair of gloves (melded)
Jewellery
 m - an amulet of regeneration (around neck)
Wands
 k - a wand of mindburst (5)
 s - a wand of iceblast (7)
Scrolls
 f - 4 scrolls of holy word
 r - 2 scrolls of amnesia
Potions
 b - 2 potions of cancellation
 d - 3 potions of curing
 e - a potion of mutation {unknown}
 g - 2 potions of berserk rage
 h - 2 potions of heal wounds {unknown}
 i - a potion of brilliance {unknown}
 j - 4 potions of haste
 o - 2 potions of lignification {unknown}
 p - a potion of might {unknown}
 q - a potion of invisibility {unknown}
 u - a potion of ambrosia {unknown}
 v - a potion of flight {unknown}


   Skills:
 + Level 3.8 Fighting
 + Level 4.9 Dodging
 + Level 7.8 Unarmed Combat
 + Level 4.1 Spellcasting
 + Level 7.3 Transmutations
 - Level 2.0 Poison Magic
 + Level 3.5 Invocations


You had 6 spell levels left.
You knew the following spells:

 Your Spells              Type           Power      Damage    Failure   Level
a - Beastly Appendage     Tmut           42%        N/A       5%          1
b - Wereblood             Tmut           21%        N/A       7%          2
c - Spider Form           Tmut/Pois      7%         N/A       22%         3
d - Ice Form              Ice/Tmut       12%        N/A       63%         4

Your spell library contained the following spells:

 Spells                   Type           Power      Damage    Failure   Level
 Magic Dart               Conj           8%         1d3       41%         1
 Searing Ray              Conj           4%         3d3       52%         2
 Tukima's Dance           Hex            2%         N/A       73%         3
 Yara's Violent Unravell  Hex/Tmut       6%         3d5       90%         5
 Fulminant Prism          Conj/Hex       1%         3d6       97%         4
 Passage of Golubria      Tloc           N/A        N/A       97%         4


Dungeon Overview and Level Annotations

Branches:
Dungeon (8/15)             Temple (1/1) D:6         Ossuary (visited)
   Lair: D:8-11

Altars:
Ashenzari
Cheibriados
Elyvilon
Gozag
Hepliaklqana
Kikubaaqudgha
Nemelex Xobeh
Okawaru
Qazlal
Ru
Sif Muna
Trog
Uskayaw
Wu Jian
Xom
Yredelemnul
Zin
The Shining One

Annotations:
D:5 5 runed translucent doors
D:7 2 transporters, hurston's ghost, novice GrFi


Innate Abilities, Weirdness & Mutations

You are a venomous arachnid creature.
You have poisonous fangs.
You are tiny and dextrous.
Your spellcasting is less reliable in this form.
Your armour is entirely melded.
You are incapable of wielding weapons or throwing items.
((You have razor-sharp teeth.))
Your natural rate of healing is unusually fast.
When hurt, damage is shared between your health and your magic reserves.
((Your bite disrupts and absorbs the magic of your enemies.))
Potions cannot restore your health.


Message History

An orc comes into view. It is wielding a +0 war axe.
The jelly closely misses you. The orc warrior completely misses you.
You hit the jelly. The acid corrodes you!
Your front legs burn!
The jelly is heavily wounded.
An orc wizard comes into view. It is wielding a +0 dagger.
You hit the jelly but do no damage. The acid corrodes you!
Your front legs burn!
The jelly is heavily wounded.
The jelly completely misses you. The orc warrior completely misses you.
You hit the jelly but do no damage.
The jelly is poisoned.
Your front legs burn!
The jelly is heavily wounded.
The orc wizard gestures wildly while chanting.
The orc wizard flickers and vanishes!
Deactivating autopickup; reactivate with Ctrl-A.
The jelly misses you.
The orc warrior hits you with a +0 short sword!
You hit the jelly.
The jelly looks as sick as possible!
Your front legs burn!
* * * LOW HITPOINT WARNING * * *
The jelly is almost dead.
You kill the jelly!
Okawaru accepts your kill. The orc hits you with a +0 war axe.
The orc warrior barely misses you.
You closely miss something. The orc hits you with a +0 war axe!
* * * LOW HITPOINT WARNING * * *
You hear some strange, mumbled words.
A puff of flame appears from out of thin air!
The puff of flame hits you!
* * * LOW HITPOINT WARNING * * *
The orc warrior misses you. Something misses you.
You see here a +0 dagger.
You closely miss something.
Your transformation is almost over.
The orc misses you.
You hear some strange, mumbled words.
Something tries to affect you, but you resist.
You hit something but do no damage.
The orc warrior hits you with a +0 short sword!
You die...

#. #.## ##...
..# .... ..#
###..## ..#
#.....# ..##
#.# #...##...
.....#.)o.#$#
#.....))os..#
####.####..##
#.####..# ###.
>....#..##.$...
#...........
..####(.##.....
#>.....<# ###.
####..#.#
#....#


You could see an orc warrior (very poisoned) and an orc.

Vanquished Creatures
  Joseph (D:7)
  Eustachio (D:5)
  A steam dragon (D:7)
  A water moccasin (D:5)
  An orc warrior (D:7)
  3 black bears
  A sky beast (D:5)
  A centaur (D:8)
  2 ogres
  A phantom (D:7)
  2 elf zombies (Ossuary)
  Blork the orc (D:4)
  A bullfrog (D:7)
  A gnoll sergeant (D:5)
  3 scorpions
  3 water moccasin skeletons
  A centaur zombie (Ossuary)
  A bullfrog zombie (D:6)
  A gnoll shaman (D:7)
  2 jellies
  A human zombie (Ossuary)
  A hound (D:6)
  An orc priest (D:7)
  Crazy Yiuf (D:3)
  A centaur skeleton (D:3)
  Ijyb (D:3)
  3 iguanas
  7 orc wizards
  A scorpion zombie (D:5)
  Natasha (D:2)
  A hound zombie (D:5)
  A hound skeleton (D:5)
  2 mummies (Ossuary)
  9 adders
  8 gnolls
  A howler monkey skeleton (D:7)
  An ufetubus (D:5)
  2 adder zombies (Ossuary)
  An adder skeleton (D:4)
  3 worms
  4 dart slugs
  28 orcs
  5 ball pythons
  5 bats
  7 endoplasms
  5 giant cockroaches
  6 goblins
  6 hobgoblins
  12 jackals
  5 kobolds
  3 quokkas
  3 frilled lizards
  3 goblin zombies (Ossuary)
  7 hobgoblin zombies (Ossuary)
  A jackal skeleton (D:2)
  13 kobold zombies (Ossuary)
  7 orc zombies (Ossuary)
  4 rats
  A rat zombie (Ossuary)
  A spectral orc (D:4)
202 creatures vanquished.

Vanquished Creatures (others)
  An orc (D:7)
  5 plants (D:3)
6 creatures vanquished.

Grand Total: 208 creatures vanquished

Notes
Turn   | Place    | Note
-------+----------+-------------------------------------------
     0 | D:1      | loralnil the Vine Stalker Transmuter began the quest for
                  | the Orb.
     0 | D:1      | Reached XP level 1. HP: 9/9 MP: 4/4
   114 | D:1      | Reached skill level 1 in Fighting
   422 | D:1      | Reached XP level 2. HP: 14/14 MP: 4/6
   459 | D:1      | Learned a level 2 spell: Wereblood
   608 | D:1      | Found a faded altar of an unknown god.
  1005 | D:1      | Reached XP level 3. HP: 17/18 MP: 5/7
  1009 | D:1      | Learned a level 3 spell: Spider Form
  1697 | D:2      | Reached skill level 1 in Poison Magic
  1697 | D:2      | Gained mutation: Your natural rate of healing is unusually
                  | fast. [Vine Stalker growth]
  1697 | D:2      | Reached XP level 4. HP: 20/22 MP: 7/9
  1975 | D:2      | Noticed Natasha
  1984 | D:2      | Killed Natasha
  2208 | D:3      | Noticed Ijyb
  2220 | D:3      | Killed Ijyb
  2221 | D:3      | Reached XP level 5. HP: 25/25 MP: 2/10
  2609 | D:3      | Reached XP level 6. HP: 30/30 MP: 11/11
  2817 | D:3      | Found a runed translucent door.
  2818 | D:3      | Noticed Crazy Yiuf
  3122 | D:3      | Killed Crazy Yiuf
  3263 | D:4      | Noticed Blork the orc
  3265 | D:4      | Found a shimmering blue altar of Sif Muna.
  3272 | D:4      | Killed Blork the orc
  3273 | D:4      | Reached skill level 5 in Unarmed Combat
  3497 | D:4      | Reached XP level 7. HP: 33/33 MP: 10/12
  3796 | D:4      | Found a basalt altar of Yredelemnul.
  3931 | D:5      | Entered Level 5 of the Dungeon
  4100 | D:5      | Reached skill level 5 in Transmutations
  4292 | D:5      | Found a runed translucent door.
  4294 | D:5      | Found a runed translucent gate.
  4294 | D:5      | Found a runed translucent gate.
  4294 | D:5      | Noticed a redback
  4294 | D:5      | Noticed a redback
  4294 | D:5      | Noticed a redback
  4300 | D:5      | Found the +9 staff of Olgreb {rPois∞}
  4304 | D:5      | Found a runed translucent door.
  4359 | D:5      | Found a runed translucent gate.
  4455 | D:5      | Gained mutation: You have razor-sharp teeth. [Vine Stalker
                  | growth]
  4455 | D:5      | Reached XP level 8. HP: 27/39 MP: 3/13
  4897 | D:5      | Noticed Eustachio
  4914 | D:5      | Killed Eustachio
  5252 | D:6      | Found a staircase to the Ecumenical Temple.
  5276 | Temple   | Entered the Ecumenical Temple
  5430 | Temple   | Became a worshipper of Warmaster Okawaru
  5574 | D:6      | Reached skill level 1 in Invocations
  5574 | D:6      | Reached XP level 9. HP: 44/44 MP: 7/14
  5646 | D:6      | Found a sand-covered staircase.
  5676 | Ossuary  | Entered an ossuary
  5948 | D:6      | Found a white marble altar of Elyvilon.
  6232 | D:6      | Learned a level 4 spell: Ice Form
  6646 | D:7      | Found a transporter.
  6654 | D:7      | Found an ornate altar of the Wu Jian Council.
  6694 | D:7      | Found a transporter.
  6701 | D:7      | Noticed Joseph
  6718 | D:7      | Killed Joseph
  6718 | D:7      | Reached * piety under Okawaru
  6719 | D:7      | Noticed hurston's ghost (novice GrFi)
  7154 | D:7      | Reached ** piety under Okawaru
  7283 | D:8      | HP: 1/45 [something/puff of flame (7)]
  7287 | D:8      | Slain by an orc warrior

Illustrated notes

Levels and vault maps discovered:
D:1:      ebering_trefoil_3fold, layout_basic, basic_ecumenical_altar
D:2:      layout_basic, minivault_25, kennysheep_decorative_pillar, uniq_natasha
D:3:      layout_loops_ring, serial_bayou_pond_b, minmay_misc_feat_chi,
          uniq_crazy_yiuf_cottage, uniq_ijyb
D:4:      layout_basic, yredelemnul_forgotten_temple_becter, old_standard_altar,
          serial_bayou_pond_e, due_unseen_surprise, uniq_blork_the_orc
D:5:      layout_basic, minmay_guarded_unrand_staff_of_olgreb, uniq_eustachio
D:6:      layout_loops_ring, nicolae_elyvilon_temple_path, temple_pool_b,
          nicolae_ossuary_entry_false_entrances, chequers_decorated_corner,
          hangedman_decor_push, hangedman_abyss_or_decor_stagger
D:7:      layout_cave_pools, mainiacjoe_overflow_cross_hatched,
          gammafunk_ghost_mausoleum, uniq_joseph
D:8:      layout_loops_cross, fiery_altar_vehumet, water_maze_lemuel
Temple:   jpeg_temple_clearing

Skill      XL: |  1  2  3  4  5  6  7  8  9 |
---------------+----------------------------+-----
Fighting       | 1 2 3 |  3.8
Dodging        | 2 4 |  4.9
Poison Magic   | 1 2 |  2.0
Spellcasting   | 3 4 |  4.1
Transmutations | 3 4 5 6 7 |  7.3
Unarmed Combat | 4 5 7 |  7.8
Invocations    | 1 3 |  3.5

Action                   |  1- 3 |  4- 6 |  7- 9 || total
-------------------------+-------+-------+-------++-------
Melee: Unarmed           |    76 |   151 |   374 ||   601
       Bite              |    13 |    27 |    62 ||   102
       Kick              |    23 |    35 |    68 ||   126
       Headbutt          |     9 |    21 |    42 ||    72
       Punch             |     1 |     2 |    12 ||    15
 Cast: Beastly Appendage |    25 |    26 |    32 ||    83
       Spider Form       |       |     3 |    12 ||    15
  Use: Scroll            |     2 |     4 |     3 ||     9
       Potion            |       |       |     2 ||     2
Armor: Robe              |    10 |    10 |       ||    20
       Leather armour    |       |    35 |    90 ||   125
       Skin              |       |       |     9 ||     9
Dodge: Dodged            |    39 |    87 |   272 ||   398
